 Dungeon Crawl Stone Soup version 0.30.1-9-gdf580d7c3d (webtiles) character file.

Game seed: 2791767837842480028

112358 Peloso the Peltast (level 16, 0/149 HPs)
             Began as a Minotaur Fighter on Oct 18, 2023.
             Was a High Priest of Okawaru.
             Shot with an arrow by a deep elf archer (14 damage)
             ... on level 1 of the Elven Halls.
             The game lasted 01:10:43 (26172 turns).

Peloso the Peltast (Minotaur Fighter)              Turns: 26172, Time: 01:10:43

Health: 0/149      AC: 17    Str: 25    XL:     16   Next: 11%
Magic:  5/5        EV: 12    Int:  9    God:    Okawaru [*****.]
Gold:   1319       SH: 16    Dex: 23    Spells: 15/15 levels left

rFire   + . .        c - +0 demon blade of the Other Side {antimagic, Fly rN+ Will+}
rCold   . . .        d - +0 kite shield
rNeg    + . .        v - +0 plate armour "Xihaf" {rF+ Str+3 Stlth+}
rPois   .            A - +2 hat {Stlth+}
rElec   .            K - +2 cloak of Protective Custody {*Corrode Regen+ Int+4}
rCorr   .            (no gloves)
SInv    .            F - +1 pair of boots
Will    +++..        e - amulet of regeneration Stlth
                     o - +6 ring of dexterity
HPRegen 2.04/turn    C - ring of willpower
MPRegen 0.09/turn

%: corrode self (3%)
@: about to teleport, corroded, flying
A: horns 2, retaliatory headbutt
a: Renounce Religion, Heroism, Finesse, Duel


You were on level 1 of the Elven Halls.
You worshipped Okawaru.
Okawaru was extremely pleased with you.
You visited 7 branches of the dungeon, and saw 26 of its levels.
You also visited: Ossuary and Gauntlet.

You collected 2719 gold pieces.
You spent 1400 gold pieces at shops.

Inventory:

Hand Weapons
 a - a +2 scimitar of flaming
 b - the +2 long sword of the Pits of Slime {spect, rElec Int+4}
   (You found it on level 5 of the Lair of Beasts)

   Int:       It affects your intelligence (+4).
   rElec:     It insulates you from electricity.
 c - the +0 demon blade of the Other Side (weapon) {antimagic, Fly rN+ Will+}
   (Okawaru gifted it to you on level 15 of the Dungeon)

   rN:        It protects you from negative energy.
   Fly:       It grants you flight.
   Will:      It increases your willpower.
 W - the +10 trident "Zotukh" {speed, Fly MP+9}
   (You found it on level 5 of the Dungeon)

   MP:        It affects your magic capacity (+9).
   Fly:       It grants you flight.
 Y - a +2 heavy long sword
Missiles
 s - 3 throwing nets (quivered)
Armour
 d - a +0 kite shield (worn)
 v - the +0 plate armour "Xihaf" (worn) {rF+ Str+3 Stlth+}
   (You bought it in a shop on level 2 of the Orcish Mines)

   Str:       It affects your strength (+3).
   rF:        It protects you from fire.
   Stlth:     It makes you more stealthy.
 A - a +2 hat of stealth (worn)
 F - a +1 pair of boots (worn)
 K - the +2 cloak of Protective Custody (worn) {*Corrode Regen+ Int+4}
   (You found it on level 5 of the Lair of Beasts)

   Int:       It affects your intelligence (+4).
   Regen:     It increases your rate of health regeneration.
   *Corrode:  It may corrode you when you take damage.
Jewellery
 e - an amulet of regeneration (around neck)
 o - a +6 ring of dexterity (left hand)
 q - an amulet of magic regeneration
 z - a ring of wizardry
 C - a ring of willpower (right hand)
 O - a +4 ring of protection
 S - the ring of Yredelemnul, Kissing {rN+ Int+2}
   (You found it in a Gauntlet)

   [ring of positive energy]

   Int:       It affects your intelligence (+2).
   rN:        It protects you from negative energy.
 X - a ring of wizardry
Wands
 D - a wand of flame (19)
 I - a wand of roots (5)
 M - a wand of mindburst (27)
 V - a wand of digging (8)
Scrolls
 g - 3 scrolls of poison
 i - 6 scrolls of fear
 j - 17 scrolls of identify
 k - 4 scrolls of silence
 m - 5 scrolls of teleportation
 n - 4 scrolls of noise
 r - 7 scrolls of immolation
 t - 4 scrolls of enchant armour
 y - 3 scrolls of amnesia
 B - 2 scrolls of summoning
 J - 2 scrolls of brand weapon
 P - a scroll of acquirement
 T - a scroll of fog
Potions
 f - 6 potions of mutation
 h - 2 potions of cancellation
 l - 4 potions of might
 p - 5 potions of brilliance
 w - 4 potions of curing
 x - 4 potions of lignification
 E - a potion of flight
 G - 3 potions of haste
 H - a potion of heal wounds
 L - 2 potions of berserk rage
 N - 2 potions of ambrosia
 Q - a potion of magic
 R - 2 potions of resistance
Miscellaneous
 u - a lightning rod (4/4)
 U - a tin of tremorstones (2/2)


   Skills:
 + Level 15.2 Fighting
 + Level 11.8 Long Blades
 + Level 15.9 Polearms
 + Level 16.4 Armour
 + Level 6.4 Dodging
 + Level 2.9 Stealth
 + Level 17.7 Shields
 + Level 1.6 Invocations
 + Level 0.7 Evocations


You had 15 spell levels left.
You didn't know any spells.
Your spell library contained the following spells:

 Spells                   Type           Power      Damage    Failure   Level
 Apportation              Tloc           0%         N/A       98%         1
 Necrotise                Necr           0%         1d4       98%         1
 Blink                    Tloc           0%         N/A       99%         2
 Lesser Beckoning         Tloc           0%         N/A       99%         2
 Momentum Strike          Conj/Tloc      0%         3d8       99%         2
 Static Discharge         Conj/Air       0%         2-2/arc   99%         2
 Confusing Touch          Hex            0%         N/A       100%        3
 Hailstorm                Conj/Ice       0%         3d3       100%        3
 Portal Projectile        Hex/Tloc       0%         N/A       100%        3
 Airstrike                Air            0%         2d(0-16)  100%        4
 Ice Form                 Ice/Tmut       0%         N/A       100%        4
 Leda's Liquefaction      Hex/Erth       0%         N/A       100%        4
 Manifold Assault         Tloc           0%         N/A       100%        4
 Freezing Cloud           Conj/Ice/Air   0%         6-21      100%        5
 Dispersal                Tloc           0%         N/A       100%        6
 Storm Form               Tmut/Air       0%         N/A       100%        7
 Disjunction              Tloc           0%         N/A       100%        8
 Summon Small Mammal      Summ           Unusable   N/A       N/A         1
 Call Canine Familiar     Summ           Unusable   N/A       N/A         3
 Summon Lightning Spire   Summ/Air       Unusable   N/A       N/A         4
 Summon Mana Viper        Hex/Summ       Unusable   N/A       N/A         5
 Simulacrum               Ice/Necr       Unusable   N/A       N/A         6

Dungeon Overview and Level Annotations

Branches:
Dungeon (15/15)            Temple (1/1) D:6            Lair (5/5) D:9
  Swamp (1/4) Lair:2        Snake (1/4) Lair:3        Slime (0/5) Lair:4
    Orc (2/2) D:12            Elf (1/3) Orc:2        Vaults (0/5) D:14
 Depths (0/4) D:15        Ossuary (visited)         Gauntlet (visited)

Altars:
Ashenzari
Cheibriados
Dithmenos
Elyvilon
Fedhas
Gozag
Hepliaklqana
Kikubaaqudgha
Makhleb
Nemelex Xobeh
Okawaru
Qazlal
Ru
Sif Muna
Trog
Uskayaw
Vehumet
Wu Jian
Xom
Yredelemnul
Zin
The Shining One
Jiyva

Shops:
D:8 *   D:9 ?   Orc:2 [(::

Annotations:
Elf:1 3 runed translucent doors


Innate Abilities, Weirdness & Mutations

You have a pair of horns on your head.
You reflexively headbutt those who attack you in melee.


Message History

You slash the deep elf archer!
The deep elf archer's magic leaks into the air.
You headbutt the deep elf archer!
The deep elf archer is almost dead.
You block the deep elf archer's attack. The earth elemental closely misses you.
Unknown command.
You closely miss the deep elf archer.
You headbutt the deep elf archer, but do no damage.
The deep elf archer is almost dead.
The deep elf zephyrmancer gestures wildly while chanting.
The deep elf zephyrmancer blinks!
The deep elf archer casts a spell.
The deep elf archer blinks!
The deep elf archer falters for a moment.
Unknown command.
You barely miss the deep elf archer.
The deep elf archer is almost dead.
Unknown command.
You miss the deep elf archer.
The deep elf archer is almost dead.
You block the deep elf archer's attack. You block the earth elemental's attack.
The deep elf pyromancer gestures wildly while chanting.
The deep elf pyromancer blinks!
The deep elf zephyrmancer casts a spell.
The deep elf zephyrmancer blinks!
You hit the deep elf archer but do no damage.
The deep elf archer is severely wounded.
Your surroundings suddenly seem different.
Unknown command.
As you read the scroll of teleportation, it crumbles to dust.
You feel strangely unstable.
The deep elf archer shoots an arrow.
The arrow closely misses you.
The deep elf archer mumbles some strange words.
The deep elf archer blinks!
The deep elf zephyrmancer casts a spell at you.
The bolt of lightning hits you!!
* * * LOW HITPOINT WARNING * * *
Your corrosive artefact corrodes you!
The bolt of lightning misses you.
The deep elf archer shoots an arrow.
The arrow hits you!
You die...

..#.# ##.## ..#.#
#)§.# ..#.# #.e.#
.##.# #.ee# ....#
#.e.# .#..#
#####...######
.#.##
.............##.#
....
................#
##.#
..........@..#.
##.# #####..)######
...# #...# ####
#...# #######
##...# ......#
#....# #####.#
#.#######
#####.####........
.......##.#.#####.#


You could see a deep elf archer (repels missiles) and a deep elf zephyrmancer.

Vanquished Creatures
  Rupert (D:13)
  Gastronok (D:8)
  The ghost of Ivernyr the Bludgeoner, a journeyman FoFi of Wu Jian (Orc:1)
  A cacodemon (Gauntlet)
  The ghost of Drachen the Carver, a journeyman DgGl (Lair:5)
  A stone giant (D:15)
  The ghost of Raneoc the Severer, a journeyman MiFi of Okawaru (Lair:4)
  An eleionoma (Swamp:1)
  5 dire elephants (Lair:5)
  2 minotaurs
  Snorg (D:10)
  2 merfolk impalers (Orc:2)
  An ice dragon (D:14)
  5 vault guards (D:14)
  Erica (D:10)
  7 hydras
  A death knight (D:15)
  2 ogre magi (D:14)
  A centaur warrior (Orc:1)
  3 boulder beetles
  5 death yaks
  5 catoblepae
  2 alligators (Swamp:1)
  4 two-headed ogres
  5 tengu warriors
  Amaemon (D:8)
  Sonja (Lair:5)
  A deep elf knight (Elf:1)
  A skyshark (Lair:4)
  A fire crab (shapeshifter) (D:14)
  Lodul (D:13)
  A fire crab (Gauntlet)
  A glowing orange brain (D:11)
  5 deep elf archers
  A swamp dragon (Lair:2)
  A spectral anaconda (Lair:5)
  A bog body (Swamp:1)
  4 orc knights
  A lindwurm (Lair:5)
  4 necromancers (Lair:5)
  5 deep elf pyromancers
  An obsidian statue (Lair:5)
  3 deep elf zephyrmancers
  5 cyclopes
  15 ugly things
  2 manticores (D:14)
  A dire elephant zombie (Lair:5)
  8 elephants (Lair:5)
  14 black mambas
  2 torpor snails (Lair:2)
  An orange demon (D:8)
  3 gargoyles
  2 kobold demonologists (D:14)
  14 cane toads
  3 rime drakes
  7 komodo dragons
  A dire elephant skeleton (Lair:5)
  2 freezing wraiths (D:15)
  3 tengu conjurers
  6 trolls
  A hornet (D:9)
  4 polar bears
  Prince Ribbit (D:8)
  14 blink frogs
  12 dream sheep
  8 slime creatures (D:11)
  An air elemental (Elf:1)
  A shadow (D:10)
  A vampire (D:10)
  4 centaur simulacra (Gauntlet)
  26 yaks
  2 wraiths (D:15)
  12 wyverns
  3 fire bats (Gauntlet)
  5 basilisks
  3 steam dragons
  A death yak simulacrum (Lair:5)
  A human (D:14)
  3 vampire mosquitoes
  2 wargs (Orc:2)
  3 nagas (Lair:3)
  2 acid dragons
  17 water moccasins
  3 black bears
  Duvessa (D:7)
  An ice beast (D:4)
  A sky beast (D:7)
  34 orc warriors
  15 ogres
  4 wolves (Lair:5)
  2 elephant zombies (Lair:5)
  2 elephant skeletons (Lair:5)
  17 centaurs
  A phantom (D:4)
  2 kobold brigands
  16 bullfrogs
  3 gnoll sergeants
  A cane toad simulacrum (Lair:5)
  9 wights
  An earth elemental (Elf:1)
  6 scorpions
  Dowan (D:7)
  4 howler monkeys (D:13)
  5 electric eels
  A hound (D:6)
  A wyvern simulacrum (Gauntlet)
  6 jellies
  10 orc priests
  4 gnoll boudas
  An iron imp (D:8)
  3 sleepcaps (D:7)
  3 iguanas
  11 orc wizards
  9 hell rats
  2 mummies
  Robin (D:3)
  5 adders
  31 gnolls
  2 shadow imps
  A white imp (D:5)
  An ufetubus (D:6)
  A worm (D:2)
  A dart slug (D:2)
  72 orcs
  A spectral bat (Ossuary)
  4 ball pythons
  A bat (D:3)
  8 endoplasms
  5 giant cockroaches
  18 goblins
  11 hobgoblins
  10 jackals
  25 kobolds
  5 quokkas
  2 bat simulacra (Ossuary)
  3 frilled lizards (D:2)
  12 gnoll zombies (Ossuary)
  A goblin simulacrum (Ossuary)
  8 goblin zombies
  3 hobgoblin zombies (Ossuary)
  4 kobold simulacra (Ossuary)
  3 kobold zombies (Ossuary)
  6 orc zombies
  6 rats
  A rat simulacrum (Ossuary)
  6 spectral goblins (Ossuary)
  5 spectral kobolds (Ossuary)
  5 spectral rats (Ossuary)
758 creatures vanquished.

Vanquished Creatures (others)
  3 deep elf knights (Elf:1)
  A bloated husk (Swamp:1)
  An orc (Orc:2)
5 creatures vanquished.

Grand Total: 763 creatures vanquished

Notes
Turn   | Place    | Note
-------+----------+-------------------------------------------
     0 | D:1      | Peloso the Minotaur Fighter began the quest for the Orb.
     0 | D:1      | Reached XP level 1. HP: 19/19 MP: 0/0
    59 | D:1      | Reached XP level 2. HP: 21/27 MP: 1/1
   233 | D:1      | Reached skill level 4 in Shields
   540 | D:1      | Reached XP level 3. HP: 28/33 MP: 2/2
  1163 | D:2      | Reached skill level 1 in Dodging
  1163 | D:2      | Reached XP level 4. HP: 15/40 MP: 3/3
  2048 | D:3      | Noticed Robin
  2084 | D:3      | Killed Robin
  2085 | D:3      | Reached XP level 5. HP: 14/47 MP: 4/4
  2358 | D:3      | Found a hazy altar of Hepliaklqana.
  2359 | D:3      | Found a glowing golden altar of the Shining One.
  3098 | D:4      | Reached skill level 5 in Armour
  3141 | D:4      | Noticed an ice beast
  3176 | D:4      | Killed an ice beast
  3177 | D:4      | Reached skill level 5 in Fighting
  3177 | D:4      | Reached XP level 6. HP: 56/56 MP: 5/5
  3250 | D:4      | Reached skill level 5 in Long Blades
  3924 | D:5      | Entered Level 5 of the Dungeon
  3931 | D:5      | Reached XP level 7. HP: 56/61 MP: 6/6
  3941 | D:5      | Identified the +10 trident "Zotukh" {speed, Fly MP+9}
  4379 | D:5      | Reached skill level 1 in Polearms
  4451 | D:5      | Reached skill level 5 in Shields
  4785 | D:6      | Reached XP level 8. HP: 70/70 MP: 7/7
  4829 | D:6      | Found a staircase to the Ecumenical Temple.
  4916 | Temple   | Entered the Ecumenical Temple
  5350 | D:7      | Found a sand-covered staircase.
  5358 | Ossuary  | Entered an ossuary
  5783 | D:7      | Noticed Duvessa
  5783 | D:7      | Noticed Dowan
  5786 | D:7      | Killed Duvessa
  5787 | D:7      | Reached skill level 5 in Polearms
  5793 | D:7      | Killed Dowan
  5825 | D:7      | Found a shimmering altar of Xom.
  5840 | D:7      | Reached XP level 9. HP: 62/78 MP: 8/8
  6387 | D:7      | Found a shimmering blue altar of Sif Muna.
  6541 | D:8      | Found a transporter.
  6541 | D:8      | Found a transporter.
  6543 | D:8      | Found a transporter.
  6563 | D:8      | Noticed Prince Ribbit
  6574 | D:8      | Killed Prince Ribbit
  6575 | D:8      | Reached skill level 6 in Shields
  6591 | D:8      | Noticed Gastronok
  6605 | D:8      | Killed Gastronok
  6606 | D:8      | Found Alup Vim's General Store.
  6623 | D:8      | Found Muczeepn's Specific Store.
  6643 | D:8      | Reached skill level 10 in Polearms
  6643 | D:8      | Reached XP level 10. HP: 86/86 MP: 9/9
  6672 | D:8      | Found an iron altar of Okawaru.
  6725 | D:8      | Reached skill level 7 in Shields
  6795 | D:8      | Found a transporter.
  6807 | D:8      | Noticed Amaemon
  6808 | D:8      | Noticed an orange demon
  6834 | D:8      | Killed Amaemon
  6844 | D:8      | Killed an orange demon
  7015 | D:8      | Found a burning altar of Makhleb.
  7368 | D:9      | Reached skill level 10 in Armour
  7388 | D:9      | Found Cucyne's Magic Scroll Boutique.
  7440 | D:9      | Found a white marble altar of Elyvilon.
  7485 | D:9      | Noticed a two-headed ogre
  7494 | D:9      | Killed a two-headed ogre
  7549 | D:9      | Noticed a two-headed ogre
  7555 | D:9      | Killed a two-headed ogre
  7556 | D:9      | Reached skill level 8 in Shields
  7570 | D:9      | Found a staircase to the Lair.
  7613 | D:9      | Paralysed by a hornet for 1 turns
  7617 | D:9      | Reached XP level 11. HP: 25/94 MP: 10/10
  8025 | D:10     | Entered Level 10 of the Dungeon
  8038 | D:10     | Noticed Snorg
  8048 | D:10     | Killed Snorg
  8082 | D:10     | Noticed a tengu warrior
  8083 | D:10     | Noticed Erica
  8089 | D:10     | Noticed a two-headed ogre
  8181 | D:10     | Killed a two-headed ogre
  8781 | D:10     | Killed Erica
  8918 | D:10     | Noticed a two-headed ogre
  8923 | D:10     | Killed a tengu warrior
  8924 | D:10     | Reached skill level 9 in Shields
  8928 | D:10     | Killed a two-headed ogre
  9763 | D:11     | Noticed a glowing orange brain
  9765 | D:11     | Found a viscous altar of Jiyva.
  9867 | D:11     | Found a transporter.
  9868 | D:11     | Found a transporter.
  9967 | D:8      | Became a worshipper of Warmaster Okawaru
 10067 | D:11     | Noticed a catoblepas
 10091 | D:11     | Killed a catoblepas
 10254 | Lair:1   | Entered Level 1 of the Lair of Beasts
 10276 | D:9      | Reached skill level 10 in Shields
 10303 | D:9      | Reached * piety under Okawaru
 10389 | Lair:1   | Reached XP level 12. HP: 88/105 MP: 11/11
 10444 | Lair:1   | Reached skill level 1 in Stealth
 11051 | Lair:1   | Reached ** piety under Okawaru
 11302 | Lair:2   | Reached skill level 10 in Fighting
 11345 | Lair:2   | Reached *** piety under Okawaru
 11345 | Lair:2   | Noticed a six-headed hydra
 11360 | Lair:2   | Killed a three-headed hydra
 11428 | Lair:2   | Found a staircase to the Swamp.
 11587 | Lair:2   | Reached skill level 11 in Shields
 11687 | Lair:2   | Noticed a six-headed hydra
 11696 | Lair:2   | Killed a three-headed hydra
 11837 | Lair:2   | Reached skill level 5 in Dodging
 12291 | Lair:3   | Noticed a death yak
 12291 | Lair:3   | Noticed a death yak
 12291 | Lair:3   | Noticed a death yak
 12291 | Lair:3   | Noticed a death yak
 12292 | Lair:3   | Noticed a death yak
 12304 | Lair:2   | Killed a death yak
 12371 | Lair:2   | Killed a death yak
 12374 | Lair:2   | Reached **** piety under Okawaru
 12512 | Lair:3   | Killed a death yak
 12513 | Lair:3   | Reached skill level 1 in Invocations
 12525 | Lair:3   | Killed a death yak
 12535 | Lair:3   | Killed a death yak
 12805 | Lair:3   | Found a staircase to the Snake Pit.
 12822 | Lair:3   | Reached XP level 13. HP: 98/115 MP: 12/12
 12994 | Lair:3   | Reached skill level 12 in Shields
 13224 | Lair:3   | Reached ***** piety under Okawaru
 13697 | D:9      | Bought a scroll of acquirement for 728 gold pieces
 14015 | D:12     | Found a staircase to the Orcish Mines.
 14572 | Orc:1    | Entered Level 1 of the Orcish Mines
 14604 | Orc:1    | Identified the +1 spear "Doeqicyo" {freeze, +Blink Dex+2}
                  | (Okawaru gifted it to you on level 1 of the Orcish Mines)
 14604 | Orc:1    | Received a gift from Okawaru
 14753 | Orc:2    | Entered Level 2 of the Orcish Mines
 14812 | Orc:2    | Found a runed translucent gate.
 14812 | Orc:2    | Found a runed translucent gate.
 14812 | Orc:2    | Found a runed translucent gate.
 14813 | Orc:2    | Noticed a merfolk impaler
 14813 | Orc:2    | Noticed a minotaur
 14814 | Orc:2    | Noticed a merfolk impaler
 14814 | Orc:2    | Noticed Ivernyr's ghost (journeyman FoFi)
 15001 | Orc:2    | Reached skill level 15 in Polearms
 15194 | Orc:2    | Found a staircase to the Elven Halls.
 15375 | Orc:2    | Reached skill level 13 in Shields
 15619 | Orc:2    | Found Dolulene's Book Boutique.
 15620 | Orc:2    | Found Tosoangawo's Antique Weapon Emporium.
 15620 | Orc:2    | Found Wevvusir's Book Shop.
 15623 | Orc:2    | Found Ymawoxko's Antique Armour Shoppe.
 15629 | Orc:2    | Bought a dazzling plate armour for 672 gold pieces
 15629 | Orc:2    | Identified the +0 plate armour "Xihaf" {rF+ Str+3 Stlth+}
                  | (You bought it in a shop on level 2 of the Orcish Mines)
 15863 | Orc:2    | Found an iron altar of Okawaru.
 16225 | D:13     | Noticed Rupert
 16240 | D:13     | Killed Rupert
 16330 | D:13     | Noticed Lodul
 16391 | D:13     | Killed Lodul
 16524 | D:13     | Reached skill level 14 in Shields
 16862 | D:13     | Reached XP level 14. HP: 113/127 MP: 13/13
 16895 | D:13     | Identified the +1 ring mail of the Orcish Mines {Str+4
                  | Stlth+}
 16912 | D:13     | Found a stormy altar of Qazlal.
 17372 | Lair:4   | Found a staircase to the Slime Pits.
 18017 | Lair:4   | Found a runed translucent gate.
 18017 | Lair:4   | Found a runed translucent gate.
 18018 | Lair:4   | Found a runed translucent gate.
 18019 | Lair:4   | Noticed Raneoc's ghost (journeyman MiFi)
 18366 | Lair:4   | Killed Raneoc's ghost
 18461 | Lair:5   | Entered Level 5 of the Lair of Beasts
 18461 | Lair:5   | Found a transporter.
 18501 | Lair:5   | Found a gate leading to a gauntlet.
 18521 | Gauntlet | Entered a Gauntlet
 18521 | Gauntlet | Found a transporter.
 18530 | Gauntlet | Found a transporter.
 18534 | Gauntlet | Found a transporter.
 18536 | Gauntlet | Found a transporter.
 18536 | Gauntlet | Noticed a cacodemon
 18552 | Gauntlet | Found a transporter.
 18567 | Gauntlet | Found a transporter.
 18574 | Gauntlet | Found a transporter.
 18589 | Gauntlet | Found a transporter.
 18609 | Gauntlet | Found a transporter.
 18641 | Gauntlet | Found a transporter.
 18672 | Gauntlet | Found a transporter.
 18677 | Gauntlet | Found a transporter.
 18703 | Gauntlet | Found a transporter.
 18710 | Gauntlet | Found a transporter.
 18710 | Gauntlet | Found a transporter.
 18730 | Gauntlet | Found a transporter.
 18738 | Gauntlet | Found a transporter.
 18787 | Gauntlet | Found a transporter.
 18976 | Gauntlet | Reached ****** piety under Okawaru
 19091 | Gauntlet | Killed a cacodemon
 19092 | Gauntlet | Reached skill level 15 in Shields
 19101 | Gauntlet | Identified the ring of Yredelemnul, Kissing {rN+ Int+2}
 19226 | Lair:5   | Noticed Drachen's ghost (journeyman DgGl)
 19242 | Lair:5   | Found a transporter.
 19491 | Lair:5   | Noticed Sonja
 19503 | Lair:5   | Killed Sonja
 19965 | Lair:5   | Reached skill level 15 in Armour
 20219 | Lair:5   | Identified the +6 dagger "Kyocre" {freeze, rElec rN++
                  | Int-5} (Okawaru gifted it to you on level 5 of the Lair of
                  | Beasts)
 20219 | Lair:5   | Received a gift from Okawaru
 20478 | Lair:5   | HP: 4/127 [dire elephant (25)]
 20676 | Lair:5   | Identified the +2 cloak of Protective Custody {*Corrode
                  | Regen+ Int+4}
 21145 | D:14     | Reached skill level 16 in Shields
 21239 | D:14     | Reached XP level 15. HP: 108/138 MP: 14/14
 21697 | D:14     | Received a gift from Okawaru
 21712 | D:14     | Found a gate to the Vaults.
 21881 | D:14     | Found a blossoming altar of Fedhas.
 22060 | D:15     | Entered Level 15 of the Dungeon
 22104 | D:15     | Identified the +0 demon blade of the Other Side {antimagic,
                  | Fly rN+ Will+} (Okawaru gifted it to you on level 15 of the
                  | Dungeon)
 22104 | D:15     | Received a gift from Okawaru
 22451 | D:15     | Found a radiant altar of Vehumet.
 22475 | D:15     | Found a hide-covered altar of Uskayaw.
 22733 | D:15     | Found a staircase to the Depths.
 22820 | D:15     | Reached skill level 10 in Long Blades
 23322 | Elf:1    | Entered Level 1 of the Elven Halls
 23322 | Elf:1    | Found a runed translucent gate.
 23322 | Elf:1    | Found a runed translucent gate.
 23322 | Elf:1    | Found a runed translucent gate.
 23322 | Elf:1    | Found a runed translucent gate.
 23322 | Elf:1    | Found a runed translucent gate.
 23322 | Elf:1    | Found a runed translucent gate.
 23900 | Lair:5   | Identified the +1 falchion of the Inferno {flame, Fragile
                  | Dex+4} (Okawaru gifted it to you on level 5 of the Lair of
                  | Beasts)
 23900 | Lair:5   | Received a gift from Okawaru
 23929 | Lair:5   | Killed Drachen's ghost
 23956 | Lair:5   | Reached skill level 17 in Shields
 24146 | Lair:5   | Identified the +2 long sword of the Pits of Slime {spect,
                  | rElec Int+4}
 24247 | Lair:5   | Identified the +0 robe "Siread" {Will+ Int+2 Dex-4}
 24248 | Lair:5   | Identified the staff of air "Moegij" {rElec rPois rF++
                  | Will- Stlth+}
 24597 | Orc:1    | Killed Ivernyr's ghost
 24804 | Orc:2    | Identified the +4 triple sword "Sazutacs" {flame, Str+5}
 24808 | Orc:2    | Got the Directory of Fascination and Exhalation
 25190 | Swamp:1  | Entered Level 1 of the Swamp
 25293 | Swamp:1  | Reached skill level 15 in Fighting
 25328 | Swamp:1  | Received a gift from Okawaru
 25328 | Swamp:1  | Found the +3 Mad Mage's Maulers {Infuse+∞ VampMP -Cast}
 25663 | Snake:1  | Entered Level 1 of the Snake Pit
 25893 | Elf:1    | Found a runed translucent door.
 25927 | Orc:2    | Reached XP level 16. HP: 141/149 MP: 5/16
 26024 | Elf:1    | Paralysed by an air elemental for 1 turns
 26172 | Elf:1    | Shot with an arrow by a deep elf archer

Illustrated notes

Levels and vault maps discovered:
D:1:      shiori_arrival_elements, layout_basic
D:2:      minmay_recursive_quarters, layout_loops_cross, serial_park_tiny_pond
D:3:      layout_loops_ring, mainiacjoe_overflow_divided_tiny, uniq_robin
D:4:      layout_gridville
D:5:      layout_basic
D:6:      layout_gridville, minmay_temple_entry_drinking_statues
D:7:      layout_basic, kennysheep_little_box,
          mainiacjoe_overflow_small_starburst, nicolae_ossuary_entry_giza,
          minivault_26, minmay_misc_feat_chi, uniq_duvessa
D:8:      layout_cave_pools, okawaru_trees_1, makhleb_grotto_becter,
          nicolae_specific_store, kennysheep_decorative_pillar,
          nicolae_diode_quadrants, uniq_gastronok, uniq_prince_ribbit1,
          uniq_amaemon
D:9:      layout_cave_pools, elyvilon_altar_5, lair_entry_dummy, serial_shops,
          nicolae_shop_trees, nicolae_benzene_ring, minmay_misc_feat_alley,
          minmay_stone_trees_small
D:10:     layout_basic, uniq_erica, uniq_snorg
D:11:     gammafunk_jiyva_shrine, layout_cross
D:12:     layout_irregular_city, david_orc_5
D:13:     layout_stronghold, nicolae_qazlal_scattered_showers, uniq_rupert,
          uniq_lodul
D:14:     layout_irregular_city, grunt_vaults_entry_fortified,
          fedhas_ov_isle_minmay
D:15:     grunt_enter_depths_snipers, layout_loops_ring,
          nicolae_vehumet_altar_sigil, dancing_weapons_uskayaw
Temple:   hellmonk_temple_two_chambers
Lair:1:   layout_regular_city
Lair:2:   layout_cave_pods, minmay_swamp_entry_reptiles, serial_bayou_lagoon_b
Lair:3:   layout_long_grid, guppyfry_snake_entry_garden
Lair:4:   layout_loops_ring, slime_entry_1, gammafunk_ghost_hydra_chop
Lair:5:   due_jungle_book, layout_small_grid, gauntlet_entry_generic,
          nzn_ghost_randoct, infiniplex_staircase_pool, grunt_megastairs_3,
          lemuel_fruit_tree, uniq_sonja
Swamp:1:  layout_basic_swamp, evilmike_swamp_ruin_house_3
Snake:1:  layout_rooms, drop_trap, st_stairs_6, uniq_jorgrun
Orc:1:    layout_caves
Orc:2:    st_orc_rangers, layout_diamond_mine, gammafunk_ghost_fury_of_okawaru
Elf:1:    nicolae_elf_arrival_dilemma, layout_loops_cross,
          hangedman_corner_corridor, uniq_azrael, uniq_frances

Skill      XL: |  1  2  3  4  5  6  7  8  9 10 11 12 13 14 15 |
---------------+----------------------------------------------+-----
Fighting       | 4 5 6 7 8 9 11 12 14 15 | 15.2
Shields        | 4 5 6 8 10 11 14 16 17 | 17.7
Armour         | 4 5 6 7 8 9 11 12 13 14 15 16 | 16.4
Long Blades    | 3 4 5 6 9 11 | 11.8
Dodging        | 1 2 3 4 5 6 |  6.4
Polearms       | 1 5 10 11 13 14 15 | 15.9
Stealth        | 2 |  2.9
Invocations    | 1 |  1.6
Evocations     | |  0.7

Action                     |  1- 3 |  4- 6 |  7- 9 | 10-12 | 13-15 | 16-18 || total
---------------------------+-------+-------+-------+-------+-------+-------++-------
  Melee: Long sword        |    80 |   209 |     9 |       |   436 |       ||   734
         Headbutt          |    10 |    29 |    42 |   139 |   470 |    36 ||   726
         Trident           |       |       |   234 |   592 |   870 |       ||  1696
         Scimitar          |       |       |       |    13 |   180 |       ||   193
         Demon blade       |       |       |       |       |    94 |    81 ||   175
 Invoke: Heroism           |       |       |       |     4 |    18 |       ||    22
  Evoke: Wand              |       |       |       |       |     9 |       ||     9
         Tin of tremorston |       |       |       |       |     1 |       ||     1
    Use: Potion            |     1 |     3 |     1 |     3 |     6 |       ||    14
         Scroll            |       |     2 |    15 |     1 |    19 |     2 ||    39
   Stab: Fleeing           |       |       |       |       |     2 |       ||     2
         Distracted        |       |       |       |       |     3 |       ||     3
 Armour: Scale mail        |    33 |   103 |    46 |       |       |       ||   182
         Chain mail        |       |       |    18 |   193 |    93 |       ||   304
         Plate armour      |       |       |       |       |   634 |    19 ||   653
  Dodge: Dodged            |    31 |    80 |   104 |   190 |   521 |    17 ||   943
  Block: Buckler           |    28 |    60 |    64 |    12 |       |       ||   164
         Kite shield       |       |       |       |   312 |  1178 |    45 ||  1535
